 Dungeon Crawl Stone Soup version 0.29.1-13-g9f3cf754e1 (webtiles) character file.

Game seed: 5569314757579339710

59 promet the Sneak (level 4, -3/21 HPs)
             Began as a Vine Stalker Enchanter on Feb 9, 2023.
             Was an Initiate of Ashenzari.
             Splashed by a jelly's acid (4 damage)
             ... on level 3 of the Dungeon.
             The game lasted 00:14:11 (3252 turns).

promet the Sneak (Vine Stalker Enchanter)           Turns: 3252, Time: 00:14:11

Health: -3/21      AC: -14   Str: 10    XL:     4   Next: 3%
Magic:  0/17       EV: 12    Int: 17    God:    Ashenzari [......]
Gold:   88         SH:  0    Dex: 15    Spells: 3/8 levels left

rFire   . . .      SeeInvis .   a - +2 war axe (flame)
rCold   . . .      Faith    .   (no shield)
rNeg    . . .      Spirit   +   b - +0 robe
rPois   .          Reflect  .   (no helmet)
rElec   .          Harm     .   (no cloak)
rCorr   .          Rampage  .   (no gloves)
Will    .....                   (no boots)
Stlth   +++.......              h - amulet of magic regeneration
HPRegen 0.87/turn               i - ring of magical power
MPRegen 0.55/turn               (no ring)

@: corroded
A: fangs 2, regeneration 1, magic shield, antimagic bite, no potion heal 2
a: Renounce Religion, Curse Item


You were on level 3 of the Dungeon.
You worshipped Ashenzari.
Ashenzari was noncommittal.
You visited 1 branch of the dungeon, and saw 3 of its levels.

You collected 88 gold pieces.

Inventory:

Hand Weapons
 a - a +2 war axe of flaming (weapon)
 j - a +0 spear
Missiles
 f - 8 poisoned darts (quivered)
 g - 14 stones
Armour
 b - a +0 robe (worn)
Jewellery
 h - an amulet of magic regeneration (around neck)
 i - a ring of magical power (left hand)
Scrolls
 n - a scroll of teleportation {unknown}
 o - a scroll of noise {unknown}
Potions
 c - 2 potions of invisibility
 d - a potion of might
 e - a potion of berserk rage
 k - a potion of flight {unknown}
 l - 2 potions of curing {unknown}
 m - a potion of heal wounds {unknown}


   Skills:
 + Level 0.9 Fighting
 + Level 1.2 Short Blades
 + Level 1.8 Dodging
 + Level 4.5 Stealth
 + Level 2.6 Spellcasting
 + Level 3.2 Hexes
 + Level 0.5 Ice Magic


You had 3 spell levels left.
You knew the following spells:

 Your Spells              Type           Power      Damage    Failure   Level
a - Ensorcelled Hibernat  Hex/Ice        16%        N/A       13%         2
b - Confusing Touch       Hex            13%        N/A       14%         3

Your spell library contained the following spells:

 Spells                   Type           Power      Damage    Failure   Level
 Tukima's Dance           Hex            13%        N/A       14%         3
 Passwall                 Tmut/Erth      1%         N/A       28%         2
 Dazzling Flash           Conj/Hex       14%        N/A       28%         3
 Portal Projectile        Hex/Tloc       14%        N/A       28%         3
 Call Canine Familiar     Summ           2%         N/A       50%         3
 Swiftness                Air            2%         N/A       50%         3
 Leda's Liquefaction      Hex/Erth       3%         N/A       67%         4


Dungeon Overview and Level Annotations

Branches:
Dungeon (3/15)

Altars:
Ashenzari


Innate Abilities, Weirdness & Mutations

You have extremely sharp teeth.
Your natural rate of healing is unusually fast.
When hurt, damage is shared between your health and your magic reserves.
Your bite disrupts and absorbs the magic of your enemies.
Potions cannot restore your health.


Message History

The jelly is heavily wounded.
The jelly misses you. The jelly closely misses you.
You hit the jelly but do no damage.
Your hands burn!
You bite the jelly. You drain its power.
You feel invigorated.
The jelly is heavily wounded.
The jelly closely misses you.
You hit the jelly. You burn the jelly. The acid corrodes you!
Your hands burn!
The jelly is severely wounded.
The jelly misses you. The jelly hits you. The acid corrodes you!
You are splashed with acid!
Casting: Ensorcelled Hibernation (safe; 13% risk of failure)
Confirm with . or Enter, or press ? or * to list all spells.
Aiming: Ensorcelled Hibernation (safe; 13% risk of failure)
Press: ? - help, Shift-Dir - straight line, f - you, p - jelly That would be overly suicidal.
Okay, then.
Casting: Ensorcelled Hibernation (safe; 13% risk of failure)
Confirm with . or Enter, or press ? or * to list all spells.
Aiming: Ensorcelled Hibernation (safe; 13% risk of failure)
Press: ? - help, Shift-Dir - straight line, f - jelly
Aim: a jelly (severely wounded, not susceptible)
The jelly is unaffected.
The jelly closely misses you.
Casting: Ensorcelled Hibernation (safe; 13% risk of failure)
Confirm with . or Enter, or press ? or * to list all spells.
Aiming: Ensorcelled Hibernation (safe; 13% risk of failure)
Press: ? - help, Shift-Dir - straight line, f/p - jelly
Aim: a jelly (severely wounded, not susceptible)
The jelly is unaffected.
The jelly hits you. The acid corrodes you!
You are splashed with acid!
You completely miss the jelly. You bite the jelly, but do no damage.
The jelly is severely wounded.
The jelly barely misses you.
You hit the jelly but do no damage.
Your hands burn!
The jelly is severely wounded.
The jelly barely misses you. The jelly hits you.
* * * LOW HITPOINT WARNING * * *
The acid corrodes you!
You are splashed with acid!
* * * LOW HITPOINT WARNING * * *
You hit the jelly but do no damage. The acid corrodes you!
Your hands burn!
You die...

.... ##.. .....)
###...
.......##....#
..........##)##
..........##..##
.......#....#..#
#.#.........#.###
...............$..
....#....@J......#
.......=.....###...
$....[.......# ....
................
#..
.................
.....>............
.....#............
..............$.##
l.$###..........


You could see a jelly.

Vanquished Creatures
  A gnoll (D:1)
  A worm (D:2)
  5 ball pythons
  7 endoplasms
  A giant cockroach (D:1)
  7 hobgoblins
  4 jackals (D:1)
  A quokka (D:1)
  4 bats
  A frilled lizard (D:2)
  A goblin (D:2)
  5 kobolds
  5 rats
43 creatures vanquished.

Notes
Turn   | Place    | Note
-------+----------+-------------------------------------------
     0 | D:1      | promet the Vine Stalker Enchanter began the quest for the
                  | Orb.
     0 | D:1      | Reached XP level 1. HP: 9/9 MP: 4/4
    84 | D:1      | Reached skill level 4 in Stealth
   258 | D:1      | Reached XP level 2. HP: 12/13 MP: 6/6
   261 | D:1      | Learned a level 2 spell: Ensorcelled Hibernation
   369 | D:1      | Found a faded altar of an unknown god.
   379 | D:1      | Prayed at the altar of an unknown god.
   379 | D:1      | Became a worshipper of Ashenzari the Shackled
   461 | D:1      | Reached skill level 1 in Short Blades
   735 | D:1      | Reached XP level 3. HP: 14/16 MP: 8/8
  2842 | D:2      | Gained mutation: Your natural rate of healing is unusually
                  | fast. [Vine Stalker growth]
  2842 | D:2      | Reached XP level 4. HP: 20/21 MP: 8/8
  2859 | D:2      | Learned a level 3 spell: Confusing Touch
  3251 | D:3      | HP: 1/21 [acid (5)]
  3252 | D:3      | Splashed by a jelly's acid

Illustrated notes

Levels and vault maps discovered:
D:1:      elethiomel_arrival_quiet, layout_basic,
          shapermc_ecumenical_altar_mp_highgroup
D:2:      layout_basic
D:3:      layout_rooms, overflow_temple_1_default, hex_intersection

Skill      XL: |  1  2 |
---------------+-------+-----
Stealth        | 4 |  4.5
Short Blades   | 1 |  1.2
Fighting       | |  0.9
Dodging        | |  1.8
Spellcasting   | |  2.6
Hexes          | |  3.2
Ice Magic      | |  0.5

Action                   |  1- 3 |  4- 6 || total
-------------------------+-------+-------++-------
Melee: Dagger            |    76 |       ||    76
       Bite              |    12 |     4 ||    16
       Punch             |     1 |       ||     1
       War axe           |    14 |    10 ||    24
 Cast: Ensorcelled Hiber |    21 |     3 ||    24
Invok: Curse Item        |     1 |       ||     1
       Shatter the Chain |     1 |       ||     1
  Use: Scroll            |     3 |       ||     3
       Potion            |     1 |       ||     1
 Stab: Sleeping          |    21 |     3 ||    24
Armor: Robe              |    15 |       ||    15
Dodge: Dodged            |    54 |     9 ||    63
